 Dungeon Crawl Stone Soup version 0.29.0-5-ge4962eb29e (webtiles) character file.

Game seed: 12302659376368197350

375 Godmorgon the Chopper (level 6, -5/53 HPs)
             Began as a Palentonga Fighter on Aug 29, 2022.
             Slain by an ogre
             ... wielding a +0 giant club
              (19 damage)
             ... on level 4 of the Dungeon.
             The game lasted 00:07:11 (2336 turns).

Godmorgon the Chopper (Palentonga Fighter)          Turns: 2336, Time: 00:07:12

Health: -5/53      AC:  6    Str: 24    XL:     6   Next: 44%
Magic:  6/6        EV:  7    Int:  8    God:
Gold:   103        SH:  4    Dex:  9    Spells: 5/5 levels left

rFire   . . .      SeeInvis +   a - +1 war axe (flame)
rCold   . . .      Faith    .   c - +0 buckler
rNeg    . . .      Spirit   .   r - +0 scale mail
rPois   .          Reflect  .   (no helmet)
rElec   .          Harm     .   (no cloak)
rCorr   .          Rampage  .   (no gloves)
Will    .....                   (no barding)
Stlth   ..........              (no amulet)
HPRegen 0.17/turn               (no ring)
MPRegen 0.10/turn               (no ring)

@: invisible
A: large, rugged brown scales 3, see invisible, deformed body, roll 1, armoured
tail
a: Rolling Charge


You were on level 4 of the Dungeon.
You visited 1 branch of the dungeon, and saw 4 of its levels.

You collected 103 gold pieces.

Inventory:

Hand Weapons
 a - a +1 war axe of flaming (weapon)
 b - a +2 hand axe of freezing
Missiles
 l - 6 boomerangs
Armour
 c - a +0 buckler (worn)
 r - a +0 scale mail (worn)
Wands
 q - a wand of flame (18)
Scrolls
 e - a scroll of poison {unknown}
 g - a scroll of blinking {unknown}
 k - a scroll of vulnerability {unknown}
 n - a scroll of noise {unknown}
 o - 2 scrolls of fear
 p - 2 scrolls of torment
Potions
 d - a potion of might
 h - a potion of attraction {unknown}
 i - a potion of haste {unknown}
 j - a potion of mutation {unknown}
 m - a potion of resistance {unknown}


   Skills:
 + Level 4.8 Fighting
 * Level 5.7 Axes
 - Level 2.4 Armour
 - Level 2.6 Shields


You had 5 spell levels left.
You didn't know any spells.
Your spell library was empty.

Dungeon Overview and Level Annotations

Branches:
Dungeon (4/15)
 Temple: D:4-7

Altars:
Elyvilon
Yredelemnul


Innate Abilities, Weirdness & Mutations

You are completely covered in rugged brown scales. (AC +3, +7% HP)
You have supernaturally acute eyesight. (SInv)
Armour fits poorly on your strangely shaped body.
You can roll at nearby foes to attack.
You have a long armoured tail.


Message History

Aim: a hound You roll forward with a clatter of scales!
You barely miss the hound. The hound bites you but does no damage.
The hound bites you.
You barely miss the hound. You tail-slap the hound.
The hound is lightly wounded.
The hound bites you but does no damage. The hound bites you.
You completely miss the hound. You tail-slap the hound!
The hound is severely wounded.
The hound barely misses you. x2
You hit the hound but do no damage.
The hound is severely wounded.
The hound bites you.
You slash the hound! You burn the hound.
You kill the hound!
Found a stone staircase leading up.
You now have 103 gold pieces (gained 17).
An ogre comes into view. It is wielding a +0 giant club.
An ogre comes into view. It is wielding a +0 giant club.
The ogre shouts!
Roll where?
Press: ? - help, Q - select action, (/) - cycle Dir - move target, f - ogre
Aim: an ogre, wielding a +0 giant club
Okay, then.
Okay, then.
Okay, then.
There is a stone staircase leading up here.
The ogre hits you with a +0 giant club!
You climb upwards.
There is a stone staircase leading down here.
You slash the ogre! You burn the ogre.
The ogre is heavily wounded.
The ogre hits you with a +0 giant club!!
* * * LOW HITPOINT WARNING * * *
You fade into invisibility!
You hit the ogre. You burn the ogre. You tail-slap the ogre.
You kill the ogre!
You climb downwards.
The ogre hits you with a +0 giant club!!
You die...

>. #.### ....
####†..## ....
#..##...### .B..
#.........# .##..##
##...##..## .......
#####........#
.......##..##.......##
#.......#..........##
#...!.O@....#.....##
...........###....#
#..........# ###...#
##......#..# #...#
#.....###.## #.##
...... ### ## ##..#.
.###.


You could see an ogre (unable to see you) and a giant cockroach (wandering,
unable to see you).

Vanquished Creatures
  An ogre (D:3)
  3 hounds (D:4)
  4 orc wizards
  3 adders (D:2)
  An ufetubus (D:4)
  3 dart slugs
  10 orcs
  6 ball pythons
  5 endoplasms
  A giant cockroach (D:1)
  3 goblins
  6 hobgoblins
  7 jackals (D:1)
  3 quokkas
  2 bats
  2 frilled lizards (D:2)
  2 kobolds
  5 rats
67 creatures vanquished.

Notes
Turn   | Place    | Note
-------+----------+-------------------------------------------
     0 | D:1      | Godmorgon the Palentonga Fighter began the quest for the
                  | Orb.
     0 | D:1      | Reached XP level 1. HP: 19/19 MP: 1/1
   116 | D:1      | Reached XP level 2. HP: 17/25 MP: 2/2
   211 | D:1      | Found a faded altar of an unknown god.
   667 | D:1      | Reached skill level 3 in Axes
   747 | D:1      | Reached XP level 3. HP: 27/31 MP: 3/3
  1507 | D:2      | Reached XP level 4. HP: 39/39 MP: 4/4
  1737 | D:3      | Reached skill level 4 in Axes
  1762 | D:4      | Found a basalt altar of Yredelemnul.
  1782 | D:4      | Reached XP level 5. HP: 33/44 MP: 5/5
  2025 | D:4      | Found a white marble altar of Elyvilon.
  2053 | D:4      | Reached skill level 5 in Axes
  2056 | D:4      | Reached XP level 6. HP: 27/52 MP: 6/6
  2336 | D:4      | Slain by an ogre

Illustrated notes

Levels and vault maps discovered:
D:1:      scummos_arrival_simple_fountains, layout_loops_ring,
          ebering_ecumenical_altar_petrified
D:2:      layout_loops_corners
D:3:      layout_basic
D:4:      layout_cave_pools, yredelemnul_altar_generic,
          mainiacjoe_overflow_swirl, minmay_temple_entry_from_below_a,
          kennysheep_diamond, st_stairs_6

Skill      XL: |  1  2  3  4  5 |
---------------+----------------+-----
Axes           | 3 4 5 |  5.7
Fighting       | 4 |  4.8
Armour         | |  2.4
Shields        | |  2.6

Action                   |  1- 3 |  4- 6 || total
-------------------------+-------+-------++-------
Melee: War axe           |   103 |    79 ||   182
       Tailslap          |     5 |    11 ||    16
Throw: Boomerang         |     1 |       ||     1
 Abil: Rolling Charge    |    25 |    13 ||    38
  Use: Scroll            |       |     3 ||     3
       Potion            |       |     1 ||     1
Armor: Scale mail        |    50 |    44 ||    94
Dodge: Dodged            |    42 |    36 ||    78
Block: Buckler           |    22 |     5 ||    27
